 Dungeon Crawl Stone Soup version 0.17-a0-1713-gdf939a4 (webtiles) character file.

48 Dargon the Insei (level 3, -9/29 HPs)
             Began as a Draconian Transmuter on Aug 23, 2015.
             Mangled by Dargon's ghost (12 damage)
             ... on level 3 of the Dungeon.
             The game lasted 00:09:02 (2015 turns).

Dargon the Insei (Draconian Transmuter)             Turns: 2015, Time: 00:09:03

Health: -9/29      AC:  5    Str: 12      XL:     3   Next: 50%
Magic:  6/6        EV: 12    Int: 10 (13) God:
Gold:   101        SH:  0    Dex: 12      Spells: 1 memorised, 5 levels left

rFire  . . .     SeeInvis .     l - +2 dagger (pain)
rCold  . . .     Clarity  .     (armour unavailable)
rNeg   . . .     SustAt   .     (no shield)
rPois  .         Gourm    .     (helmet restricted)
rElec  .         Spirit   .     (no cloak)
rCorr  .         Warding  .     (no gloves)
rMut   .         Stasis   .     (no boots)
MR     .....                    (no amulet)
Stlth  +.........               (no ring)
                                (no ring)

@: flying, very slightly contaminated, hasted, very quick, not resistant to
hostile enchantments, very unstealthy
A: unfitting armour, cold-blooded, AC +5
a: no special abilities


You were on level 3 of the Dungeon.
You were not hungry.

You visited 1 branch of the dungeon, and saw 3 of its levels.

You collected 101 gold pieces.

Inventory:

Hand weapons
 l - a +2 dagger of pain (weapon)
 p - a +1 dagger of venom
Missiles
 a - 12 arrows
Jewellery
 i - a cursed ring of loudness {unknown}
Scrolls
 f - a scroll of teleportation {unknown}
 n - a scroll of random uselessness {unknown}
 o - a scroll of remove curse {unknown}
Potions
 d - a potion of haste
Books
 b - a book of Changes

   Spells                             Type                      Level
   a - Beastly Appendage              Transmutation                1
   b - Sticks to Snakes               Transmutation                2
   c - Spider Form                    Transmutation/Poison         3
   d - Ice Form                       Ice/Transmutation            4
   e - Blade Hands                    Transmutation                5
Comestibles
 c - 3 bread rations
 g - a meat ration
 j - a royal jelly
 k - a beef jerky


   Skills:
 + Level 2.2 Fighting
 - Level 1.7 Dodging
 * Level 4.1 Unarmed Combat
 - Level 2.0 Spellcasting
 - Level 2.0 Transmutations


You had 5 spell levels left.
You knew the following spells:

 Your Spells              Type           Power        Failure   Level  Hunger
a - Beastly Appendage     Trmt           #.....       14%         1    ##.....


Dungeon Overview and Level Annotations

Branches:
Dungeon (3/15)

Altars:
Dithmenos

Annotations:
D:3 Dargon's ghost, average DrTm


Innate Abilities, Weirdness & Mutations

Your plain brown scales are hard (AC +5).
Your body does not fit into most forms of armour.
You are cold-blooded and may be slowed by cold attacks.


Message History

You are too injured to fight recklessly!
You are too injured to fight recklessly!
You are too injured to fight recklessly!
You hit Dargon's ghost but do no damage.
Your tail-slap misses Dargon's ghost.
Dargon's ghost is moderately damaged.
Dargon's ghost hits you but does no damage.
You hit Dargon's ghost.
Dargon's ghost is heavily damaged.
Dargon's ghost hits you.
* * * LOW HITPOINT WARNING * * *
You miss Dargon's ghost.
Dargon's ghost is heavily damaged.
You barely miss Dargon's ghost.
Dargon's ghost is heavily damaged.
Dargon's ghost barely misses you.
You hit Dargon's ghost.
Dargon's ghost is heavily damaged.
Dargon's ghost hits you!
You die...

##<.....#
#...
#.......#
#...##
##.......#
#....#
####(..######
#...#
#.(..###
#...###)##.#
#...#...##.#
#....W####.#
#....@...#.#
#....###....#
#....# #..#
#....# ..#
#....# ####.#
#(. .#.. .
...


You could see Dargon's ghost.

Vanquished Creatures
  2 worms (D:2)
  2 giant geckos
  8 bats (D:1)
  A giant cockroach (D:1)
  2 goblins (D:1)
  9 hobgoblins
  2 quokkas (D:2)
  4 kobolds
  8 rats
38 creatures vanquished.

Notes
Turn   | Place    | Note
--------------------------------------------------------------
     0 | D:1      | Dargon the Draconian Transmuter began the quest for the Orb.
     0 | D:1      | Reached XP level 1. HP: 16/16 MP: 3/3
   157 | D:1      | Reached XP level 2. HP: 21/23 MP: 5/5
   913 | D:2      | Reached XP level 3. HP: 25/29 MP: 6/6
  1358 | D:2      | Reached skill level 4 in Unarmed Combat
  1642 | D:2      | Found a shadowy altar of Dithmenos.
  1979 | D:3      | Noticed Dargon's ghost (average DrTm)
  2015 | D:3      | Mangled by Dargon's ghost

Vault maps used:
D:1:      elethiomel_arrival_quiet
D:2:      lemuel_crystal_altar, serial_bayou_lagoon_a, grunt_decor_one_mirror
D:3:      first_bread, led_sif_book, uniq_grinder, uniq_crazy_yiuf_cottage

Action                   || total
-------------------------++-------
Melee: Unarmed           ||     6
       Short sword       ||   109
       Dagger            ||    91
  Use: Scroll            ||     3
       Potion            ||     6
  Eat: Chunk             ||     4
